 Dungeon Crawl Stone Soup version 0.29-a0-284-gf9362112df (webtiles) character file.

Game seed: 15519808766887285339

9426 sammy202020 the Fighter (level 11, -2/92 HPs)
             Began as a Demonspawn Berserker on Mar 30, 2022.
             Was an Elder of Trog.
             Killed by divine providence
             ... invoked by an orc priest
              (13 damage)
             ... on level 10 of the Dungeon.
             The game lasted 00:16:15 (10645 turns).

sammy202020 the Fighter (Demonspawn Berserker)     Turns: 10645, Time: 00:16:20

Health: -2/92      AC: 18    Str: 20    XL:     11   Next: 22%
Magic:  0/11       EV:  9    Int: 10    God:    Trog [****..]
Gold:   271        SH:  0    Dex: 16    Spells: 10/10 levels left

rFire   + . .      SeeInvis +   j - +0 war axe (venom)
rCold   . . .      Faith    .   (no shield)
rNeg    . . .      Spirit   +   x - +0 plate armour
rPois   .          Reflect  .   (helmet restricted)
rElec   .          Harm     .   (no cloak)
rCorr   .          Rampage  .   i - +0 pair of gloves
Will    .....                   (no boots)
Stlth   ..........              H - amulet "Horyfare" {Spirit Dex+3}
HPRegen 0.25/turn               (no ring)
MPRegen 0.12/turn               (no ring)

@: on berserk cooldown, slowed, very slow
A: horns 2, molten scales 3, demonic guardian 2, spiny 1, see invisible, wild
magic 1
a: Renounce Religion, Berserk, Trog's Hand, Brothers in Arms


You were on level 10 of the Dungeon.
You worshipped Trog.
Trog was greatly pleased with you.
You visited 1 branch of the dungeon, and saw 10 of its levels.

You collected 571 gold pieces.
You spent 300 gold pieces at shops.

Inventory:

Hand Weapons
 g - a +1 whip of flaming
 h - a +0 hunting sling
 j - a +0 war axe of venom (weapon)
 k - a +0 flail
 u - a +4 morningstar
Missiles
 t - a throwing net
 v - 3 boomerangs (quivered)
 w - 6 poisoned darts
 y - 5 datura-tipped darts
 A - 7 curare-tipped darts
Armour
 i - a +0 pair of gloves (worn)
 x - a +0 plate armour (worn)
Jewellery
 n - a ring of ice
 H - the amulet "Horyfare" (around neck) {Spirit Dex+3}
   (You found it on level 9 of the Dungeon)

   [amulet of guardian spirit]

   It causes incoming damage to be divided between your reserves of health and
   magic.
   Dex:       It affects your dexterity (+3).
Wands
 b - a wand of digging (7)
 p - a wand of iceblast (7)
 q - a wand of flame (18)
 B - a wand of polymorph (3)
Scrolls
 a - 2 scrolls of noise
 d - 3 scrolls of magic mapping
 o - 5 scrolls of teleportation
Potions
 c - 2 potions of heal wounds
 e - 2 potions of mutation
 f - 2 potions of curing
 l - a potion of magic
 m - a potion of lignification
 r - 3 potions of flight
 s - a potion of berserk rage
 z - a potion of brilliance {unknown}
 C - a potion of might {unknown}
 D - a potion of cancellation {unknown}
 E - a potion of degeneration {unknown}
 I - a potion of resistance {unknown}


   Skills:
 * Level 10.8 Fighting
 * Level 9.8 Axes
 + Level 6.7 Armour
 + Level 6.8 Dodging


You had 10 spell levels left.
You didn't know any spells.
Your spell library was empty.

Dungeon Overview and Level Annotations

Branches:
Dungeon (10/15)            Temple (0/1) D:7
   Lair: D:8-11         Orc: D:9-12

Altars:
Cheibriados
Dithmenos
Nemelex Xobeh
Vehumet
Xom
Yredelemnul

Shops:
D:7 *   D:8 *


Innate Abilities, Weirdness & Mutations

You have a pair of horns on your head.
You are completely covered in molten scales. (AC +4, rF+)
A demonic guardian rushes to your aid.
You are partially covered in sharp spines.
You have supernaturally acute eyesight. (SInv)
Your spells are a little harder to cast, but a little more powerful.


Message History

Snorg completely misses you.
You slice Snorg!! You headbutt Snorg!
Snorg is severely wounded.
Snorg is struck by your spines. Snorg bites you!! Snorg closely misses you.
Snorg claws you.
You slash Snorg!
Snorg looks as sick as possible!
Snorg is almost dead.
Snorg barely misses you. Snorg claws you!
* * * LOW HITPOINT WARNING * * *
Snorg claws you but does no damage. Snorg is struck by your spines.
Snorg bites you but does no damage. Snorg claws you.
* * * LOW HITPOINT WARNING * * *
A demonic guardian appears!
Snorg claws you!
* * * LOW HITPOINT WARNING * * *
Snorg attacks as you move away! Snorg is struck by your spines.
You feel the power of Trog in you as your rage grows.
You kill Snorg!
Trog accepts your kill.
The troll leather armour {Snorg} is intact enough to wear.
The orc hits your rust devil with a +0 flail.
You feel a strong urge to attack something.
Your rust devil hits the orc.
Your rust devil corrodes the orc!
Your rust devil hits the orc!
The orc dies!
Trog accepts your kill.
You feel your anger nearly subside.
An orc priest comes into view. It is wielding a +0 club.
You completely miss the orc wizard. The orc wizard barely misses you.
You slash the orc wizard!
The orc wizard is poisoned.
The orc wizard is heavily wounded.
You are no longer berserk.
You are exhausted.
You feel yourself slow down.
You slash the orc wizard!
You kill the orc wizard!
Trog accepts your kill.
Trog appreciates your killing of a magic user.
The orc priest invokes the aid of Beogh against you.
Beogh smites you!
You die...

#.>........................
#......#.#.#.###.#.########
#......<...#.# #.#.#
#..###.#####.# #.#.#
#............# #.#.#
##.###.#...### #.#.# #.
#.#...# #.#.#
###.#...#####.#.###
..........@)4[).o...
####+#########.#.### #


You could see an orc priest and a friendly rust devil (summoned).

Vanquished Creatures
  Snorg (D:10)
  A boulder beetle (D:8)
  The ghost of sammy202020 the Fighter, a novice GrBe of Trog (D:9)
  The ghost of bjtr the Arsonist, a novice DsFE of Vehumet (D:9)
  The ghost of siradein the Skirmisher, a novice DrFi (D:9)
  A manticore (D:8)
  A komodo dragon (D:7)
  A hornet (D:9)
  A troll (D:9)
  Prince Ribbit (D:5)
  Grinder (D:6)
  4 yaks (D:8)
  A steam dragon (D:9)
  The ghost of IdlyInterested the Sneak, an amateur GrBr (D:4)
  2 water moccasins
  4 black bears
  An orc warrior (D:8)
  An ice beast (D:7)
  5 ogres
  A sky beast (D:6)
  2 centaurs
  3 kobold brigands
  2 gnoll sergeants
  7 scorpions
  3 bullfrogs
  3 wights (D:7)
  4 killer bees (D:9)
  6 orc priests
  4 jellies
  3 hounds
  An iron imp (D:4)
  An iguana (D:6)
  6 orc wizards
  4 adders
  21 gnolls
  3 white imps
  A worm (D:2)
  6 dart slugs
  27 orcs
  4 endoplasms
  2 giant cockroaches
  6 hobgoblins
  A jackal (D:4)
  A quokka (D:3)
  6 ball pythons
  6 bats
  2 frilled lizards
  7 goblins
  23 kobolds
  4 rats
200 creatures vanquished.

Vanquished Creatures (collateral kills)
  A cyclops (D:7)
  A wight (D:7)
  A gnoll (D:7)
  An orc (D:10)
  A kobold (D:6)
5 creatures vanquished.

Vanquished Creatures (others)
  An ugly thing (D:9)
1 creature vanquished.

Grand Total: 206 creatures vanquished

Notes
Turn   | Place    | Note
-------+----------+-------------------------------------------
     0 | D:1      | sammy202020 the Demonspawn Berserker began the quest for
                  | the Orb.
     0 | D:1      | Reached XP level 1. HP: 18/18 MP: 1/1
   454 | D:1      | Gained mutation: You are partially covered in molten
                  | scales. (AC +2) [demonic ancestry]
   454 | D:1      | Reached XP level 2. HP: 20/24 MP: 2/2
   574 | D:1      | You fall into a shaft and drop 1 floor!
  1160 | D:2      | Gained mutation: A weak demonic guardian rushes to your
                  | aid. [demonic ancestry]
  1160 | D:2      | Reached XP level 3. HP: 29/29 MP: 3/3
  1263 | D:2      | Gained mutation: You are mostly covered in molten scales.
                  | (AC +3) [demonic ancestry]
  1263 | D:2      | Reached XP level 4. HP: 9/37 MP: 4/4
  1956 | D:3      | Reached ** piety under Trog
  1970 | D:3      | Reached skill level 4 in Fighting
  1974 | D:3      | Gained mutation: You have a pair of small horns on your
                  | head. [demonic ancestry]
  1974 | D:3      | Reached XP level 5. HP: 26/42 MP: 5/5
  3434 | D:4      | Noticed a black bear
  3440 | D:4      | Killed a black bear
  3441 | D:4      | Gained mutation: You are partially covered in sharp spines.
                  | [demonic ancestry]
  3441 | D:4      | Reached XP level 6. HP: 50/50 MP: 6/6
  3442 | D:4      | Found a large runed translucent door.
  3442 | D:4      | Found a large runed translucent door.
  3444 | D:4      | Noticed IdlyInterested's ghost (amateur GrBr)
  3463 | D:4      | Killed IdlyInterested's ghost
  3464 | D:4      | Reached skill level 5 in Fighting
  3538 | D:4      | Found a snail-covered altar of Cheibriados.
  3768 | D:4      | Found a sparkling altar of Nemelex Xobeh.
  4211 | D:5      | Entered Level 5 of the Dungeon
  4219 | D:5      | Noticed Prince Ribbit
  4223 | D:5      | Gained mutation: You have a pair of horns on your head.
                  | [demonic ancestry]
  4223 | D:5      | Reached XP level 7. HP: 44/56 MP: 7/7
  4237 | D:5      | Killed Prince Ribbit
  4238 | D:5      | Reached skill level 5 in Axes
  4493 | D:5      | Reached skill level 6 in Fighting
  4802 | D:5      | Reached XP level 8. HP: 55/64 MP: 8/8
  5102 | D:5      | Found a shadowy altar of Dithmenos.
  5242 | D:5      | Reached *** piety under Trog
  5520 | D:5      | Reached skill level 7 in Fighting
  5554 | D:5      | Gained mutation: You tend to lose your temper in combat.
                  | [potion of mutation]
  5554 | D:5      | Lost mutation: You tend to lose your temper in combat.
                  | [potion of mutation]
  5738 | D:6      | Noticed Grinder
  5747 | D:6      | Killed Grinder
  6087 | D:6      | Gained mutation: A demonic guardian rushes to your aid.
                  | [demonic ancestry]
  6087 | D:6      | Reached XP level 9. HP: 50/72 MP: 9/9
  7001 | D:7      | Reached skill level 8 in Fighting
  7012 | D:7      | Reached skill level 5 in Armour
  7012 | D:7      | Reached skill level 5 in Dodging
  7121 | D:7      | Noticed a komodo dragon
  7132 | D:7      | Killed a komodo dragon
  7337 | D:7      | Noticed a cyclops
  7355 | D:7      | Killed a cyclops
  7740 | D:7      | Reached skill level 9 in Fighting
  7934 | D:7      | Found a staircase to the Ecumenical Temple.
  7964 | D:7      | Found a radiant altar of Vehumet.
  8079 | D:7      | Found Gesketwa's General Store.
  8088 | D:7      | Bought a scroll of brand weapon for 300 gold pieces
  8117 | D:8      | Reached XP level 10. HP: 83/83 MP: 10/10
  8123 | D:8      | Found Zannuc's Lightly-Used Armoury.
  8482 | D:8      | Noticed a boulder beetle
  8493 | D:8      | Killed a boulder beetle
  8498 | D:8      | Gained mutation: You have supernaturally acute eyesight.
                  | (SInv) [potion of mutation]
  8498 | D:8      | Gained mutation: Your spells are a little harder to cast,
                  | but a little more powerful. [potion of mutation]
  8692 | D:8      | Noticed a manticore
  8701 | D:8      | Killed a manticore
  8972 | D:8      | Found a shimmering altar of Xom.
  9311 | D:9      | Noticed a purple ugly thing
  9327 | D:9      | Killed a purple ugly thing
  9328 | D:9      | Reached skill level 10 in Fighting
  9360 | D:9      | Reached **** piety under Trog
  9366 | D:9      | Found a basalt altar of Yredelemnul.
 10159 | D:9      | Found a runed translucent gate.
 10160 | D:9      | Found a runed translucent gate.
 10161 | D:9      | Found a runed translucent gate.
 10165 | D:9      | Noticed siradein's ghost (novice DrFi)
 10165 | D:9      | Noticed bjtr's ghost (novice DsFE)
 10165 | D:9      | Noticed sammy202020's ghost (novice GrBe)
 10391 | D:9      | Killed sammy202020's ghost
 10392 | D:9      | Gained mutation: You are completely covered in molten
                  | scales. (AC +4, rF+) [demonic ancestry]
 10392 | D:9      | Reached XP level 11. HP: 72/92 MP: 11/11
 10392 | D:9      | Killed siradein's ghost
 10403 | D:9      | Killed bjtr's ghost
 10413 | D:9      | Identified the amulet "Horyfare" {Spirit Dex+3}
 10570 | D:10     | Entered Level 10 of the Dungeon
 10627 | D:10     | Noticed Snorg
 10639 | D:10     | Killed Snorg
 10645 | D:10     | Killed from afar by an orc priest

Illustrated notes

Levels and vault maps discovered:
D:1:      matt_arrival_refuge, layout_basic
D:2:      layout_loops_ring, serial_glass, glass_columns_b, glass_columns_c,
          glass_columns_a, glass_columns_b, glass_columns_c, glass_columns_a,
          glass_columns_c, glass_columns_a
D:3:      layout_basic, grunt_ministairs_7, minmay_quantized
D:4:      layout_gridville, slow_altar_2, old_standard_altar,
          ebering_ghost_disaster_area, minmay_unequal
D:5:      layout_loops_ring, nicolae_dithmenos_shadow_blocks,
          uniq_prince_ribbit1
D:6:      layout_loops_corners, nicolae_ossuary_entry_ruins, uniq_grinder
D:7:      layout_cave_pools, nicolae_vehumet_altar_sigil,
          minmay_temple_entry_grid, serial_shops, nicolae_lakefront_shop
D:8:      layout_loops_cross, tgw_xom, minmay_misc_feat_rows,
          minmay_shop_damaged
D:9:      layout_cave_pools, yredelemnul_altar_generic,
          gammafunk_ghost_cemetery, corexii_leaking_fountain
D:10:     layout_basic, gammafunk_temple_overflow_forgotten, uniq_snorg

Skill      XL: |  1  2  3  4  5  6  7  8  9 10 |
---------------+-------------------------------+-----
Axes           | 3 4 5 6 8 9 |  9.8
Armour         | 2 3 4 5 6 |  6.7
Dodging        | 2 3 4 5 6 |  6.8
Fighting       | 4 5 6 7 9 10 | 10.8

Action                   |  1- 3 |  4- 6 |  7- 9 | 10-12 || total
-------------------------+-------+-------+-------+-------++-------
Melee: Hand axe          |    77 |    27 |       |       ||   104
       War axe           |       |    94 |   166 |   122 ||   382
       Headbutt          |       |    12 |    35 |    33 ||    80
       Punch             |       |       |       |     1 ||     1
Throw: Boomerang         |       |       |     3 |       ||     3
Invok: Berserk           |     2 |     4 |     6 |     3 ||    15
       Trog's Hand       |       |     3 |     3 |     2 ||     8
  Use: Scroll            |       |     7 |     5 |     5 ||    17
       Potion            |       |       |     2 |     2 ||     4
 Stab: Distracted        |       |       |       |     1 ||     1
Armor: Chain mail        |    50 |   112 |       |       ||   162
       Plate armour      |       |     2 |   111 |   130 ||   243
Dodge: Dodged            |    32 |    50 |    80 |    75 ||   237

Table legend: (Time is in decaauts)
 A = Elapsed time spent in this place.
 B = Non-inter-level travel time spent in this place.
 C = Inter-level travel time spent in this place.
 D = Time resting spent in this place.
 E = Time spent auto-exploring this place.
 F = Levels seen in this place.
 G = Mean time per level.
                   A        B        C        D        E       F      G
               +--------+--------+--------+--------+--------+-----+--------+
         Total |  10870 |  10769 |    101 |    330 |   8703 |  10 | 1087.0 |
       Dungeon |  10870 |  10769 |    101 |    330 |   8703 |  10 | 1087.0 |
               +--------+--------+--------+--------+--------+-----+--------+

Top non-repeatable levels by time:
     D:5: 1457 daAuts
     D:2: 1392 daAuts
     D:3: 1320 daAuts
     D:6: 1298 daAuts
     D:9: 1284 daAuts
     D:7: 1241 daAuts
     D:8: 1204 daAuts
     D:4: 1023 daAuts
     D:1: 577 daAuts
    D:10: 72 daAuts
